 Dungeon Crawl Stone Soup version 0.19.0-16-g73b5abf (webtiles) character file.

56 Andry07 the Skirmisher (level 3, -4/26 HPs)
             Began as a Gargoyle Fighter on Nov 10, 2016.
             Slain by Natasha (6 damage)
             ... on level 2 of the Dungeon.
             The game lasted 00:03:01 (1668 turns).

Andry07 the Skirmisher (Gargoyle Fighter)           Turns: 1668, Time: 00:03:01

Health: -4/26      AC: 13    Str: 20    XL:     3   Next: 97%
Magic:  3/3        EV:  7    Int:  8    God:
Gold:   127        SH:  9    Dex:  9    Spells: 0 memorised, 2 levels left

rFire  . . .     SeeInvis .     a - +0 war axe
rCold  . . .     Gourm    .     b - +0 scale mail
rNeg   + . .     Faith    .     c - +0 shield
rPois  ∞         Spirit   .     j - +1 helmet
rElec  +         Reflect  .     (no cloak)
rCorr  .         Harm     .     o - +0 pair of gloves
MR     .....                    (no boots)
Stlth  ..........               (no amulet)
                                (no ring)
                                (no ring)

@: slowed, very slow
A: negative energy resistance 1, electricity resistance, unbreathing,
petrification resistance, rot immunity, AC +3
a: no special abilities


You were on level 2 of the Dungeon.
You were hungry.

You visited 1 branch of the dungeon, and saw 3 of its levels.

You collected 127 gold pieces.

Inventory:

Hand Weapons
 a - a +0 war axe (weapon)
Armour
 b - a +0 scale mail (worn)
 c - a +0 shield (worn)
 j - a +1 helmet (worn)
 o - a +0 pair of gloves (worn)
Scrolls
 e - 4 scrolls of identify {unknown}
 h - 3 scrolls of teleportation {unknown}
 i - a scroll of fear {unknown}
 q - a scroll of remove curse {unknown}
Potions
 d - a potion of might
 g - a potion of ambrosia {unknown}
 k - 2 potions of curing {unknown}
 p - a potion of lignification {unknown}
 r - a potion of berserk rage {unknown}
Books
 l - a book of Misfortune

   Spells                             Type                      Level
   a - Confusing Touch                Hexes                        1
   b - Confuse                        Hexes                        3
   c - Gell's Gravitas                Hexes/Translocation          3
   d - Petrify                        Transmutation/Earth          4
   e - Metabolic Englaciation         Hexes/Ice                    5
   f - Yara's Violent Unravelling     Hexes/Transmutation          5
 s - a book of Changes

   Spells                             Type                      Level
   a - Beastly Appendage              Transmutation                1
   b - Sticks to Snakes               Transmutation                2
   c - Spider Form                    Transmutation/Poison         3
   d - Ice Form                       Ice/Transmutation            4
   e - Blade Hands                    Transmutation                5
Comestibles
 f - 3 bread rations
 m - a royal jelly
 n - a meat ration


   Skills:
 + Level 5.2 Fighting
 - Level 1.7 Axes
 - Level 3.2 Armour
 - Level 3.2 Shields


You had 2 spell levels left.
You didn't know any spells.

Dungeon Overview and Level Annotations

Branches:
Dungeon (3/15)

Altars:
Cheibriados

Annotations:
D:2 Natasha, Sigmund


Innate Abilities, Weirdness & Mutations

You are resistant to torment.
Your stone body is resilient. (AC +3)
You are immune to poison.
You resist negative energy. (rN+)
You are resistant to electric shocks. (rElec)
You can survive without breathing.
You are immune to petrification.
You are immune to rotting.


Message History

You block Natasha's attack.
The crimson imp hits you but does no damage.
The crimson imp blinks!
You closely miss Natasha.
Natasha is almost dead.
You barely miss the crimson imp.
The crimson imp disappears in a puff of smoke!
Natasha claws you.
* * * LOW HITPOINT WARNING * * *
The crimson imp blinks!
Natasha claws you but does no damage. Natasha barely misses you.
Your shield prevents you from hitting Natasha.
Natasha is severely wounded.
Natasha claws you but does no damage. You block the crimson imp's attack.
You block Natasha's attack.
You miss Natasha.
Natasha is severely wounded.
You hit the crimson imp but do no damage.
You block the crimson imp's attack. Natasha claws you.
You die...

#......###
#.....#.
#......# ..
.. ##+#.###
#.# . ##+#.#
..
##....###...
#...........
#...........
#...@5......
#...h.......
##..........
#..........
#......####
#......+
#......#
########


You could see Natasha and a crimson imp.

Vanquished Creatures
  An adder (D:2)
  A worm (D:3)
  3 dart slugs (D:1)
  An orc (D:3)
  2 ball pythons
  2 giant cockroaches
  4 goblins
  4 hobgoblins
  2 jackals (D:1)
  4 kobolds
  3 bats (D:1)
  A frilled lizard (D:1)
  7 rats
35 creatures vanquished.

Notes
Turn   | Place    | Note
-------+----------+-------------------------------------------
     0 | D:1      | Andry07 the Gargoyle Fighter began the quest for the Orb.
     0 | D:1      | Reached XP level 1. HP: 14/14 MP: 1/1
   221 | D:1      | Reached XP level 2. HP: 20/20 MP: 2/2
   288 | D:1      | Reached skill level 4 in Fighting
   401 | D:1      | Reached XP level 3. HP: 21/24 MP: 3/3
   860 | D:2      | Reached skill level 5 in Fighting
   889 | D:2      | Noticed Sigmund
  1003 | D:3      | Found a snail-covered altar of Cheibriados.
  1070 | D:3      | Found a faded altar of an unknown god.
  1653 | D:2      | Noticed Natasha
  1668 | D:2      | Slain by Natasha

Skill      XL: |  1  2  3 |
---------------+----------+-----
Fighting       | 4 5 |  5.2
Axes           | |  1.7
Armour         | |  3.2
Shields        | |  3.2

Action                   || total
-------------------------++-------
Melee: War axe           ||   124
  Eat: Chunk             ||     2
Armor: Scale mail        ||    87
Dodge: Dodged            ||    37
Block: Shield            ||    78
